Map: Arctic Dream LE

Players

GevatterTod - Winner!

  • Race: Zerg Zerg
  • Spawn Location: 5:00

Pestilenz - Winner!

  • Race: Protoss Protoss
  • Spawn Location: 6:00

qqq

  • Race: Terran Terran
  • Spawn Location: 12:00

Massa

  • Race: Terran Terran
  • League: Platinum
  • Spawn Location: 11:00

VOD

Have the link to the VOD?

Description

Time

  • Played on: Nov. 6, 2020, 3:59 p.m.
  • Length: 5:09
Show
View Real Time Build Order
Export as new Build Order

GevatterTod Zerg - Winner!

Build Orders: Pool First 

Get SALT Encoding   

  12  0:02  Drone  
  13  0:12  Overlord  
  13  0:16  Drone  
  14  0:30  Drone x2  
  14  0:35  Drone  
  17  0:37  Extractor  
  16  0:46  Drone  
  17  0:53  Spawning Pool  
  17  0:56  Drone  
  17  1:08  Drone  
  18  1:22  Hatchery  
  17  1:25  Drone  
  17  1:28  Drone  
  19  1:40  Queen  
  19  1:43  Zergling x2  
  22  1:50  Metabolic Boost  
  22  2:02  Roach Warren  
  21  2:11  Drone, Overlord  
  22  2:17  Overlord  
  22  2:43  Roach x3  
  28  2:45  Roach x2  
  28  2:50  Roach  
  34  2:52  Roach  
  34  2:57  Roach  
  38  3:04  Zergling x4  
  39  3:15  Drone, Spine Crawler  
  39  3:16  Zergling x2  
  40  3:23  Zergling x2  
  41  3:28  Ravager  
  41  3:33  Zergling x4  
  44  3:36  Overlord  
  44  3:42  Overlord  
  44  3:56  Zergling x8  
  45  4:15  Zergling x10  
  45  4:16  Zergling x2  
  39  4:43  Zergling x8  
  41  4:46  Ravager x2  
  41  4:51  Zergling x4  
Show
View Real Time Build Order
Export as new Build Order

Pestilenz Protoss - Winner!

Build Orders:  

Get SALT Encoding   

  12  0:01  Probe  
  13  0:13  Probe  
  14  0:20  Pylon  
  14  0:30  Probe  
  15  0:38  Gateway  
  15  0:46  Probe, Assimilator  
  16  0:58  Probe  
  17  1:04  Gateway  
  17  1:10  Probe  
  18  1:22  Probe  
  19  1:26  Assimilator  
  19  1:28  Cybernetics Core  
  19  1:38  Probe  
  20  1:56  Probe  
  21  2:02  Pylon  
  21  2:06  Pylon  
  21  2:07  Stalker, Warp Gate (Chrono Boost)  
  23  2:20  Probe, Adept  
  26  2:31  Gateway  
  26  2:32  Gateway  
  25  3:09  Stalker x2  
  29  3:18  Shield Battery  
  29  3:20  Pylon  
  29  3:42  Stalker x2  
  29  3:47  Stalker  
  35  3:49  Sentry  
  37  4:08  Pylon  
  36  4:48  Stalker x2  
  36  4:49  Stalker x2  
  44  4:55  Forge  
Show
View Real Time Build Order
Export as new Build Order

qqq Terran 

Build Orders:  

Get SALT Encoding   

  12  0:01  SCV  
  13  0:13  SCV  
  14  0:20  Supply Depot  
  14  0:25  SCV  
  15  0:41  SCV  
  16  0:47  Barracks  
  16  0:49  Refinery  
  16  0:53  SCV  
  17  1:03  Barracks  
  17  1:06  SCV  
  18  1:12  Refinery  
  18  1:18  SCV  
  19  1:31  SCV  
  20  1:35  Reaper  
  21  1:43  SCV  
  22  1:54  Reaper  
  23  2:01  Supply Depot  
  23  2:04  Supply Depot  
  23  2:23  SCV, Reaper  
  23  2:25  Barracks  
  25  2:31  Reaper  
  25  2:35  SCV  
  27  2:47  SCV  
  28  2:53  Factory  
  29  2:59  SCV  
  29  3:13  Barracks Tech Lab  
  29  3:15  Barracks Tech Lab  
  29  3:16  Barracks Tech Lab  
  29  3:39  Marauder x2  
  29  3:40  Marauder  
  34  3:41  Bunker  
  34  3:45  Concussive Shells  
  34  3:46  Factory Tech Lab  
  34  4:01  Marauder  
  35  4:03  Bunker  
  32  4:19  Supply Depot  
  30  4:26  Siege Tank  
  31  4:37  Marauder  
  31  4:38  Bunker  
  30  4:41  Supply Depot  
  27  4:57  Supply Depot  
  25  5:01  Barracks  
Show
View Real Time Build Order
Export as new Build Order

Massa Terran 

Build Orders: Reaper Expand 

Get SALT Encoding   

  12  0:00  SCV  
  13  0:12  SCV  
  14  0:17  Supply Depot  
  14  0:24  SCV  
  15  0:38  SCV  
  15  0:39  Barracks  
  16  0:48  Refinery  
  16  0:50  SCV  
  17  1:03  SCV  
  18  1:15  SCV  
  18  1:16  Supply Depot  
  19  1:27  Orbital Command  
  19  1:35  Reaper  
  20  1:48  Command Center  
  20  1:55  SCV  
  21  2:07  Marine  
  22  2:12  SCV  
  22  2:15  Supply Depot  
  23  2:19  Factory  
  23  2:30  Barracks Tech Lab  
  23  2:56  Marauder  
  23  2:58  Concussive Shells  
  25  3:04  Barracks  
  25  3:08  Barracks  
  25  3:10  Refinery  
  25  3:11  Factory Tech Lab  
  25  3:17  Marauder, Factory Reactor  
  27  3:22  Orbital Command  
  27  3:23  SCV  
  28  3:35  SCV  
  31  3:41  Marauder  
  31  3:47  SCV  
  32  3:52  Barracks Tech Lab  
  32  3:56  Barracks Reactor  
  32  3:58  Hellion x2  
  32  4:02  Marauder  
  38  4:19  Hellion, Marauder  
  38  4:20  Hellion  
  38  4:24  Marauder  
  41  4:38  Marine x2  
  40  4:40  Marauder  
  40  4:45  Marauder  
Tags
 
Add a new tag
Caveats
  • Supply blocks, unpowered buildings, or Contaminate may cause inaccurate times.
  • Supply counts are checked every 10 seconds.